Map: [ESL] Hard Lead

Players

Nice - Winner!

  • Race: Protoss Protoss
  • Spawn Location: 11:00

Cyan

  • Race: Protoss Protoss
  • Spawn Location: 5:00

Event: ESL SC2 Masters 2023 Winter (Regional)

VOD

Have the link to the VOD?

Description

Time

  • Played on: Nov. 9, 2023, 7:20 a.m.
  • Length: 10:48

All games in this series

Show
View Real Time Build Order
Export as new Build Order

Nice Protoss - Winner!

Build Orders: Blink Stalkers 

Get SALT Encoding   

  12  0:00  Probe  
  13  0:12  Probe  
  14  0:17  Pylon  
  14  0:24  Probe (Chrono Boost)  
  16  0:37  Probe (Chrono Boost)  
  16  0:38  Gateway  
  16  0:41  Probe (Chrono Boost)  
  16  0:45  Assimilator  
  17  0:52  Probe  
  18  0:57  Assimilator  
  18  1:04  Probe  
  18  1:08  Gateway  
  19  1:17  Probe  
  20  1:25  Cybernetics Core  
  20  1:29  Probe  
  21  1:36  Pylon  
  21  1:41  Probe  
  21  1:46  Pylon  
  22  1:53  Probe  
  23  2:02  Stalker (Chrono Boost)  
  23  2:03  Stalker (Chrono Boost)  
  27  2:10  Warp Gate  
  27  2:13  Pylon  
  27  2:15  Probe  
  28  2:23  Stalker  
  30  2:33  Pylon  
  30  2:36  Probe  
  31  2:42  Shield Battery  
  31  2:48  Twilight Council  
  31  2:54  Stalker  
  33  3:10  Probe  
  34  3:19  Blink (Chrono Boost)  
  34  3:32  Nexus  
  34  3:34  Probe  
  35  3:47  Pylon  
  35  3:58  Adept x2  
  39  4:05  Probe  
  40  4:17  Probe  
  40  4:21  Shield Battery  
  40  4:22  Stalker x2  
  45  4:29  Probe  
  46  4:34  Dark Shrine  
  46  4:41  Probe  
  45  4:53  Probe  
  45  4:57  Sentry x2  
  45  4:58  Probe  
  49  5:05  Gateway x2  
  49  5:06  Probe  
  50  5:10  Probe  
  51  5:18  Probe  
  52  5:22  Probe  
  52  5:23  Charge (Chrono Boost)  
  52  5:24  Pylon  
  52  5:25  Stalker x2  
  57  5:30  Probe  
  57  5:34  Pylon, Probe  
  59  5:45  Nexus  
  59  5:47  Probe  
  59  5:48  Probe  
  61  6:02  Probe  
  62  6:04  Robotics Facility, Probe  
  62  6:07  Shield Battery  
  63  6:14  Gateway  
  63  6:16  Gateway  
  63  6:22  Gateway  
  63  6:26  Gateway  
  63  6:34  Stalker x3  
  69  6:41  Pylon  
  69  6:44  Pylon  
  69  6:51  Pylon  
  69  6:52  Observer (Chrono Boost)  
  70  6:58  Stalker x3  
  70  6:59  Stalker  
  78  7:07  Shield Battery  
  78  7:08  Immortal (Chrono Boost)  
  82  7:20  Zealot x3  
  88  7:23  Zealot  
  90  7:42  Zealot  
  90  7:43  Observer (Chrono Boost)  
  92  7:44  Zealot x5  
  92  7:45  Zealot  
  92  7:48  Zealot  
  98  8:10  Zealot x4  
  106  8:21  Warp Prism (Chrono Boost)  
  108  8:35  Zealot x3  
  114  8:45  Zealot  
  114  8:47  Observer (Chrono Boost), Pylon  
  117  8:48  Pylon  
  117  9:05  Zealot x3  
  117  9:06  Zealot x2  
  117  9:07  Zealot  
  111  9:26  Zealot x5  
  97  9:38  Zealot x3  
  102  9:46  Zealot x2  
  102  9:47  Zealot  
  98  10:04  Zealot  
  98  10:07  Zealot  
  82  10:16  Zealot x8  
  70  10:43  Zealot x4  
Show
View Real Time Build Order
Export as new Build Order

Cyan Protoss 

Build Orders: Oracle Opening, Archon Immortal 

Get SALT Encoding   

  12  0:00  Probe  
  13  0:12  Probe  
  14  0:18  Pylon  
  14  0:24  Probe (Chrono Boost)  
  15  0:36  Probe (Chrono Boost)  
  15  0:38  Gateway  
  16  0:45  Probe (Chrono Boost)  
  16  0:47  Assimilator  
  17  0:51  Probe  
  18  1:03  Probe (Chrono Boost)  
  19  1:13  Assimilator  
  19  1:15  Pylon, Probe (Chrono Boost)  
  20  1:24  Probe (Chrono Boost)  
  21  1:27  Cybernetics Core  
  21  1:31  Probe  
  22  1:33  Zealot  
  24  1:43  Probe  
  25  1:56  Probe  
  26  2:03  Adept  
  26  2:07  Stargate  
  28  2:17  Warp Gate  
  28  2:29  Pylon  
  28  2:33  Stalker (Chrono Boost)  
  30  2:42  Nexus  
  30  2:47  Shield Battery  
  30  2:56  Oracle  
  33  3:03  Stalker (Chrono Boost)  
  35  3:18  Robotics Facility  
  35  3:22  Shield Battery  
  35  3:39  Pylon  
  37  3:43  Oracle (Chrono Boost)  
  37  3:55  Pylon  
  37  4:03  Immortal (Chrono Boost)  
  41  4:11  Shield Battery  
  41  4:13  Probe (Chrono Boost)  
  41  4:14  Probe (Chrono Boost)  
  43  4:25  Probe (Chrono Boost)  
  43  4:30  Probe (Chrono Boost)  
  45  4:32  Probe (Chrono Boost)  
  45  4:37  Probe  
  47  4:39  Probe  
  48  4:47  Immortal  
  48  4:49  Probe  
  48  4:52  Probe  
  52  4:59  Stalker  
  54  5:04  Probe x2 (Chrono Boost)  
  58  5:15  Twilight Council, Probe (Chrono Boost)  
  58  5:17  Probe (Chrono Boost)  
  58  5:20  Probe (Chrono Boost)  
  59  5:24  Forge  
  59  5:25  Probe  
  61  5:28  Observer  
  61  5:30  Probe  
  62  5:37  Probe  
  62  5:40  Gateway  
  62  5:41  Sentry  
  62  5:42  Probe  
  66  5:44  Gateway  
  66  5:49  Probe  
  67  5:51  Assimilator  
  67  5:55  Protoss Ground Weapons Level 1 (Chrono Boost)  
  67  5:56  Gateway, Probe  
  68  6:03  Assimilator  
  69  6:10  Warp Prism  
  70  6:13  Dark Shrine  
  70  6:15  Pylon  
  70  6:21  Pylon  
  70  6:23  Blink (Chrono Boost)  
  70  6:33  Probe x2  
  72  6:45  Probe x2  
  68  6:48  Nexus  
  68  6:49  Pylon  
  68  6:55  Pylon  
  68  7:07  Immortal (Chrono Boost)  
  68  7:11  Stalker  
  68  7:12  Stalker  
  76  7:20  Probe  
  77  7:24  Pylon  
  77  7:27  Dark Templar x2  
  81  7:34  Probe  
  82  7:46  Dark Templar  
  82  7:50  Dark Templar, Immortal  
  90  7:53  Probe  
  90  7:55  Probe  
  92  8:05  Probe x2  
  90  8:06  Observer  
  90  8:08  Pylon  
  90  8:16  Dark Templar  
  90  8:17  Dark Templar, Pylon  
  94  8:20  Gateway  
  94  8:21  Gateway  
  94  8:23  Archon  
  94  8:24  Gateway, Probe  
  94  8:25  Probe x2  
  97  8:28  Gateway  
  97  8:30  Pylon  
  97  8:37  Observer  
  97  8:38  Dark Templar x2  
  101  8:43  Archon x2, Shield Battery  
  101  8:46  Shield Battery  
  101  8:49  Photon Cannon  
  101  8:54  Pylon  
  101  8:59  Pylon  
  101  9:00  Adept x2  
  105  9:04  Shield Battery  
  105  9:06  Shield Battery  
  105  9:15  Stalker  
  107  9:21  Stalker x2  
  107  9:22  Stalker  
  80  9:33  Stalker  
  80  9:34  Stalker x2  
  60  9:46  Stalker x6  
  60  9:47  Stalker x2  
  63  10:08  Stalker x4  
  63  10:11  Stalker  
  61  10:22  Zealot x2  
  52  10:31  Zealot x2  
  52  10:34  Dark Templar  
Tags
 
Add a new tag
Caveats
  • Supply blocks, unpowered buildings, or Contaminate may cause inaccurate times.
  • Supply counts are checked every 10 seconds.